 Dungeon Crawl Stone Soup version 0.28-a0-863-g8cecda6153 (webtiles) character file.

Game seed: 16109090277799030801

4564 sanka the Cleaver (level 10, -6/133 HPs)
             Began as a Palentonga Berserker on Nov 17, 2021.
             Was a Priest of Trog.
             Mangled by a boulder beetle (16 damage)
             ... on level 7 of the Dungeon.
             The game lasted 00:11:01 (9993 turns).

sanka the Cleaver (Palentonga Berserker)            Turns: 9993, Time: 00:11:02

Health: -6/133     AC: 19    Str: 21    XL:     10   Next: 18%
Magic:  10/10      EV:  6    Int:  7    God:    Trog [***...]
Gold:   319        SH:  0    Dex: 13    Spells: 9/9 levels left

rFire   . . .      SeeInvis +   a - +0 hand axe
rCold   . . .      Faith    .   (no shield)
rNeg    . . .      Spirit   .   t - +4 chain mail {Will+}
rPois   .          Reflect  .   s - +0 helmet
rElec   .          Harm     .   z - scarf {+Inv}
rCorr   .          Rampage  .   (no gloves)
Will    +....                   (no barding)
Stlth   ..........              (no amulet)
HPRegen 0.32/turn               (no ring)
MPRegen 0.12/turn               (no ring)

@: berserking (expiring), curled up, very quick
A: large, rugged brown scales 3, see invisible, deformed body, roll 1, armoured
tail, reflexive curl
a: Rolling Charge, Renounce Religion, Evoke Invisibility, Berserk, Trog's Hand


You were on level 7 of the Dungeon.
You worshipped Trog.
Trog was most pleased with you.
You visited 1 branch of the dungeon, and saw 7 of its levels.

You collected 319 gold pieces.


Innate Abilities, Weirdness & Mutations

You are completely covered in rugged brown scales. (AC +3, +7% HP)
You have supernaturally acute eyesight. (SInv)
Armour fits poorly on your strangely shaped body.
You can roll at nearby foes to attack.
You have a long armoured tail.
You curl defensively after being hit. (AC +7*)


   Skills:
 + Level 9.7 Fighting
 + Level 12.1 Axes
 - Level 1.5 Armour
 - Level 1.5 Dodging


You had 9 spell levels left.
You didn't know any spells.
Your spell library was empty.

Inventory:

Hand Weapons
 a - a +0 hand axe (weapon)
 k - a +0 hand axe of distortion
 v - a +2 war axe of distortion
Missiles
 n - 2 throwing nets {=f}
Armour
 s - a +0 helmet (worn)
 t - a +4 chain mail of willpower (worn)
 z - a scarf of invisibility (worn)
Wands
 b - a wand of iceblast (18)
 u - a wand of flame (17)
Scrolls
 c - 2 scrolls of magic mapping
 e - a scroll of teleportation {unknown}
 i - 2 scrolls of amnesia {unknown}
 j - 2 scrolls of silence {unknown}
 p - 2 scrolls of noise {!r}
 r - a scroll of summoning {unknown}
 w - a scroll of enchant weapon {unknown}
 y - a scroll of blinking {unknown}
 A - a scroll of acquirement {unknown}
 B - a scroll of identify {@r1}
Potions
 d - 3 potions of invisibility {unknown}
 f - 3 potions of curing {unknown}
 g - 2 potions of heal wounds {unknown}
 h - a potion of haste {unknown}
 l - a potion of lignification {unknown}
 m - 2 potions of brilliance {unknown}
 o - a potion of ambrosia {unknown}
 q - a potion of mutation {unknown}
 x - a potion of resistance {unknown}

Dungeon Overview and Level Annotations

Branches:
Dungeon (7/15)             Temple (0/1) D:6

Altars:
Dithmenos
Fedhas
Makhleb
Uskayaw
Zin

..▒▒.......▒▒▒▒..▒
▒..▒▒▒
▒▒▒▒▒▒▒.▒.▒▒▒...▒▒
▒▒...▒ ▒....(.....▒▒▒▒
▒▒▒.. ▒▒
▒.▒▒.▒...▒▒▒..▒ ▒▒▒
.▒▒▒..▒...▒▒▒▒...▒ ▒
▒.▒.....▒▒▒▒..▒..▒
▒▒....▒▒▒..▒..▒.°▒ ▒
▒..▒▒...▒..▒..▒B▒.▒
▒▒....▒▒▒▒..▒..▒H).▒
▒.......▒▒▒..▒..▒..▒ .
.▒.▒.▒....▒▒▒▒..▒..▒ ▒
...▒...▒▒...▒▒▒..▒...
▒▒▒
▒).▒..▒▒▒▒▒)..▒▒▒▒▒▒▒▒
▒▒▒..
...▒........▒...▒▒
▒▒...▒
▒.▒▒▒.....<...▒..▒
▒....▒ ▒.▒
▒..▒▒▒▒▒▒▒▒▒.▒▒
▒▒...▒▒ ▒.▒ ▒. ▒..▒
▒...▒▒


You could see a boulder beetle.


Message History

Unknown command.
You hit the gargoyle.
The gargoyle is almost destroyed.
The gargoyle hits you but does no damage.
Unknown command.
You hit the gargoyle but do no damage.
The gargoyle is almost destroyed.
Unknown command.
You hit the gargoyle but do no damage.
The gargoyle is almost destroyed.
The gargoyle hits you with a +0 dire flail!
* * * LOW HITPOINT WARNING * * *
You hit the gargoyle.
You destroy the gargoyle!
Trog accepts your kill.
You hit the boulder beetle.
The boulder beetle is lightly wounded.
The boulder beetle hits you!!!
* * * LOW HITPOINT WARNING * * *
The boulder beetle stops rolling and uncurls.
You hear a shout!
You hear a horrible gurgling sound!
You hear a shout!
You hit the boulder beetle but do no damage.
The boulder beetle is lightly wounded.
Unknown command.
You hit the boulder beetle but do no damage.
The boulder beetle is lightly wounded.
The boulder beetle bites you!
You die...

Action                   |  1- 3 |  4- 6 |  7- 9 | 10-12 || total
-------------------------+-------+-------+-------+-------++-------
Melee: Hand axe          |   104 |   127 |   332 |    44 ||   607
       Tailslap          |     9 |    19 |    58 |     6 ||    92
Invok: Berserk           |       |     1 |    12 |     2 ||    15
 Abil: Rolling Charge    |     1 |       |       |       ||     1
  Use: Scroll            |       |       |     2 |       ||     2
Armor: Animal skin       |    49 |    58 |    42 |       ||   149
       Chain mail        |       |       |    27 |    12 ||    39
Dodge: Dodged            |    42 |    73 |   141 |       ||   256

Levels and vault maps discovered:
D:1:      grunt_arrival_lava_bath, layout_loops_ring, hex_medium
D:2:      layout_basic, shapermc_ecumenical_altar_acropolis,
          minmay_crystal_room, grunt_ministairs_14, minmay_pentomino_v2
D:3:      layout_loops_ring, kennysheep_generic_room_16
D:4:      layout_cave_pools, chequers_temple_overflow_statue_of_worship,
          kennysheep_generic_room_8
D:5:      layout_layer_cave, jmf_multi_god_temple2,
          amcnicky_mini_corridor_feature, due_unseen_surprise
D:6:      layout_basic, old_standard_altar, temple_statues, serial_park_tiny_2,
          minivault_19
D:7:      minmay_the_grid_four_pointed_star
          [minmay_the_grid_triangle_9x9_odd_lines,
          minmay_the_grid_triangle_9x9_longest,
          minmay_the_grid_triangle_9x9_windchime,
          minmay_the_grid_triangle_9x9_intruding_spiral,
          minmay_the_grid_prize_shrinking_boxes], layout_loops_ring,
          uniq_harold, uniq_joseph, uniq_pikel

Notes
Turn   | Place    | Note
-------+----------+-------------------------------------------
     0 | D:1      | sanka the Palentonga Berserker began the quest for the Orb.
     0 | D:1      | Reached XP level 1. HP: 19/19 MP: 1/1
   181 | D:1      | Reached XP level 2. HP: 25/25 MP: 2/2
   567 | D:1      | Reached skill level 4 in Axes
   688 | D:1      | Reached XP level 3. HP: 31/31 MP: 3/3
  1045 | D:1      | Reached ** piety under Trog
  1681 | D:2      | Found a faded altar of an unknown god.
  1945 | D:2      | Reached skill level 5 in Axes
  1945 | D:2      | Reached XP level 4. HP: 19/37 MP: 4/4
  3124 | D:5      | Entered Level 5 of the Dungeon
  3124 | D:5      | Noticed a centaur
  3134 | D:5      | Killed a centaur
  3135 | D:5      | Reached skill level 6 in Axes
  3135 | D:5      | Reached XP level 5. HP: 43/43 MP: 5/5
  3141 | D:5      | Reached XP level 6. HP: 38/50 MP: 6/6
  3365 | D:4      | Reached skill level 7 in Axes
  3918 | D:4      | Reached skill level 8 in Axes
  3918 | D:4      | Gained mutation: You curl defensively after being hit. (AC
                  | +7*) [Palentonga growth]
  3918 | D:4      | Reached XP level 7. HP: 23/55 MP: 7/7
  4100 | D:4      | Found a glowing silver altar of Zin.
  4100 | D:4      | Found a hide-covered altar of Uskayaw.
  4871 | D:4      | Reached *** piety under Trog
  5077 | D:5      | Reached skill level 4 in Fighting
  5385 | D:5      | Found a large runed translucent door.
  5385 | D:5      | Found a large runed translucent door.
  5559 | D:5      | Reached skill level 5 in Fighting
  5559 | D:5      | Reached skill level 9 in Axes
  5559 | D:5      | Reached XP level 8. HP: 51/66 MP: 8/8
  6387 | D:5      | Found a burning altar of Makhleb.
  6390 | D:5      | Found a shadowy altar of Dithmenos.
  6768 | D:6      | Reached skill level 6 in Fighting
  7185 | D:6      | Found a staircase to the Ecumenical Temple.
  7586 | D:6      | Reached skill level 10 in Axes
  7904 | D:6      | Found a blossoming altar of Fedhas.
  8236 | D:7      | Reached skill level 7 in Fighting
  8406 | D:7      | Reached XP level 9. HP: 77/77 MP: 9/9
  8538 | D:7      | Noticed Harold
  8538 | D:7      | Noticed a two-headed ogre
  8555 | D:7      | Killed a two-headed ogre
  8556 | D:7      | Reached skill level 8 in Fighting
  8589 | D:7      | HP: 6/79 [Harold (12)]
  8920 | D:7      | Killed Harold
  8921 | D:7      | Reached skill level 11 in Axes
  9189 | D:7      | Noticed Pikel
  9220 | D:7      | Killed Pikel
  9221 | D:7      | Reached skill level 9 in Fighting
  9442 | D:7      | Noticed Joseph
  9583 | D:6      | Reached XP level 10. HP: 88/88 MP: 10/10
  9672 | D:7      | Killed Joseph
  9673 | D:7      | Reached skill level 12 in Axes
  9967 | D:7      | Noticed a gargoyle
  9978 | D:7      | Noticed a boulder beetle
  9990 | D:7      | Killed a gargoyle
  9991 | D:7      | HP: 10/133 [boulder beetle (49)]
  9993 | D:7      | Mangled by a boulder beetle

Vanquished Creatures
  Harold (D:7)
  A two-headed ogre (D:7)
  Pikel (D:7)
  Joseph (D:7)
  A gargoyle (D:7)
  2 water moccasins
  An orc warrior (D:7)
  A black bear (D:4)
  A sky beast (D:7)
  2 necrophages
  4 ogres
  2 centaurs
  A lemure (D:7)
  A kobold brigand (D:6)
  2 phantoms
  A bullfrog (D:4)
  A scorpion (D:5)
  A wyvern zombie (D:5)
  3 orc priests
  2 bullfrog skeletons
  A hound (D:6)
  2 centaur skeletons
  5 iguanas
  6 orc wizards
  A killer bee zombie (D:4)
  2 hound skeletons
  A howler monkey zombie (D:6)
  5 gnolls
  A howler monkey skeleton (D:5)
  An adder (D:4)
  A white imp (D:6)
  An adder zombie (D:5)
  A worm (D:4)
  An adder skeleton (D:4)
  4 dart slugs
  24 orcs
  7 endoplasms
  7 giant cockroaches
  10 goblins
  2 hobgoblins (D:1)
  6 jackals (D:4)
  7 ball pythons
  3 bats
  4 frilled lizards (D:3)
  10 kobolds
  5 rats
148 creatures vanquished.
